 Dungeon Crawl Stone Soup version 0.24-a0-181-gd121a6d (console) character file.

Game seed: 10651915001049495734

38 Duffy the Insei (level 3, -2/23 HPs)
             Began as an Octopode Transmuter on Mar 14, 2019.
             Slain by a hobgoblin (5 damage)
             ... on level 2 of the Dungeon.
             The game lasted 00:01:06 (1218 turns).

Duffy the Insei (Octopode Transmuter)               Turns: 1218, Time: 00:01:07

Health: -2/23      AC:  1    Str:  9    XL:     3   Next: 43%
Magic:  5/6        EV: 13    Int: 16    God:
Gold:   35         SH:  0    Dex: 12    Spells: 1/7 levels left

rFire    . . .     SeeInvis .     - Unarmed
rCold    . . .     Gourm    .   (no shield)
rNeg     . . .     Faith    .   (helmet restricted)
rPois    .         Spirit   .   (no amulet)
rElec    .         Reflect  .   (no ring)
rCorr    .         Harm     .   (no ring)
MR       .....                  (no ring)
Stlth    ++........             (no ring)
HPRegen  0.07/turn              (no ring)
MPRegen  0.10/turn              (no ring)
                                (no ring)
                                (no ring)

@: appendage
A: almost no armour, stealthy swim, amphibious, 8 rings, constrict 8, tentacle
spike 3, camouflage 1, gelatinous body 1
a: End Transformation


You were on level 2 of the Dungeon.
You were not hungry.
One of your tentacles had a temporary spike.
You visited 1 branch of the dungeon, and saw 2 of its levels.

You collected 35 gold pieces.

Inventory:

Missiles
 a - 56 arrows
Scrolls
 d - 2 scrolls of teleportation {unknown}
 h - a scroll of enchant armour {unknown}
Potions
 e - a potion of heal wounds {unknown}
 f - a potion of flight {unknown}
 g - a potion of cancellation {unknown}
 i - a potion of haste {unknown}
Comestibles
 b - 8 chunks of flesh
 c - 3 rations


   Skills:
 - Level 1.0 Fighting
 - Level 2.0 Dodging
 + Level 3.5 Unarmed Combat
 + Level 2.5 Spellcasting
 + Level 2.6 Transmutations
 + Level 0.2 Poison Magic


You had one spell level left.
You knew the following spells:

 Your Spells              Type           Power        Failure   Level  Hunger
h - Beastly Appendage     Tmut           ##....       7%          1    #......
j - Sticks to Snakes      Tmut           ##......     10%         2    ##.....
k - Spider Form           Tmut/Pois      #.........   32%         3    ###....

Your spell library contained the following spells:

 Spells                   Type           Power        Failure   Level  Hunger
 Ice Form                 Ice/Tmut       #.......     75%         4    #####..
 Blade Hands              Tmut           ##........   88%         5    ######.


Dungeon Overview and Level Annotations

Branches:
Dungeon (2/15)

Altars:
Elyvilon
Kikubaaqudgha
Ru
Sif Muna
The Shining One


Innate Abilities, Weirdness & Mutations

You cannot wear most types of armour.
You are very stealthy in the water. (Stealth+)
You are amphibious.
You can wear up to eight rings at the same time.
You can use your tentacles to constrict eight enemies at once.
Your skin changes colour to match your surroundings (Stealth+).
Your rubbery body absorbs attacks. (AC +1, EV +1)
One of your tentacles bears a large vicious spike.


Message History

A hobgoblin is nearby!
A hobgoblin is nearby!
A hobgoblin is nearby!
Cast which spell? (? or * to list) One of your tentacles grows a vicious spike.
The hobgoblin shouts!
Unknown command.
You are too injured to fight recklessly!
The hobgoblin hits you.
You are too injured to fight recklessly!
The hobgoblin hits you.
You are too injured to fight recklessly!
A hobgoblin is nearby!
You are too injured to fight recklessly!
You are too injured to fight recklessly!
The hobgoblin hits you.
The hobgoblin hits you but does no damage.
You barely miss the hobgoblin. Your grab misses the hobgoblin.
The hobgoblin hits you.
You die...

#........###.###.........#...####..
##.....#<......#.....###..)........
#.....#.###.........###.........#.
#######.............%.+.........'.
#######............###.........#.
#..................# #.........#.
#..................# #.........#.
#.......##.........# ########....
#.......##....g@#....... #....
#...............#....... #....
#.....)........##........ .[. .
#..............#########.
#..........#...# ....
#.......####...##.....
#.......####.......!..
####.................%
#................##


You could see a hobgoblin.

Vanquished Creatures
  2 worms (D:2)
  A leopard gecko (D:1)
  2 giant cockroaches
  3 goblins (D:1)
  4 hobgoblins
  4 jackals (D:2)
  3 kobolds (D:1)
  A quokka (D:2)
  2 ball pythons
  2 bats (D:1)
  2 frilled lizards (D:1)
  3 rats
29 creatures vanquished.

Notes
Turn   | Place    | Note
-------+----------+-------------------------------------------
     0 | D:1      | Duffy the Octopode Transmuter began the quest for the Orb.
     0 | D:1      | Reached XP level 1. HP: 13/13 MP: 3/3
   286 | D:1      | Reached XP level 2. HP: 17/18 MP: 5/5
   946 | D:2      | Learned a level 2 spell: Sticks to Snakes
  1012 | D:2      | Found an ancient bone altar of Kikubaaqudgha.
  1014 | D:2      | Found a glowing golden altar of the Shining One.
  1015 | D:2      | Found a sacrificial altar of Ru.
  1016 | D:2      | Found a white marble altar of Elyvilon.
  1017 | D:2      | Found a deep blue altar of Sif Muna.
  1047 | D:2      | Reached XP level 3. HP: 21/23 MP: 4/6
  1062 | D:2      | Learned a level 3 spell: Spider Form
  1218 | D:2      | Slain by a hobgoblin

Levels and vault maps discovered:
D:1:      dpeg_arrival_stone_temple_mockup, layout_basic
D:2:      layout_basic, lemuel_coloured_pillars_altar,
          grunt_temple_overflow_open, solitary_fountain,
          kennysheep_generic_room_15

Action                   || total
-------------------------++-------
Melee: Unarmed           ||    67
       Constrict         ||    19
       Tentacles         ||     7
       Kick              ||     4
 Cast: Beastly Appendage ||     3
 Stab: Sleeping          ||     6
  Eat: Chunk             ||     1
Armor: Skin              ||     4
Dodge: Dodged            ||    39

Table legend:
 A = Non-vault XP
 B = Vault XP
 C = Vault XP percentage of total XP
 D = Non-vault monster count
 E = Vault monster count
 F = Vault count percentage of total count
                 A         B        C        D         E       F
            +---------+---------+-------+---------+---------+-------
      Total |      55 |       0 |   0.0 |      29 |       0 |   0.0
            +---------+---------+-------+---------+---------+-------
        D:1 |      29 |       0 |   0.0 |      18 |       0 |   0.0
        D:2 |      26 |       0 |   0.0 |      11 |       0 |   0.0
            +---------+---------+-------+---------+---------+-------
